AoeStats
← AxingQuestions

Arabia

503208997Analyzed
1v1 RM · 1mo ago on Aug 30, 2026· 33m 31s· 2 players
Game mode
Random Map
Map size
Tiny (2 player)
Population
200
Speed
Normal
Resources
Standard
Victory
Conquest
Starting age
Dark Age
Ending age
Imperial Age
RankedLock teamsTeams togetherTeam positionsShared explorationLock speedFull tech treeHidden civsTurbo modeCheats
Victory
Defeat
🇺🇸 Bohemians · United States
1133
+15
🇵🇱 Saracens · Poland
1103
-15
Ciszek92
6:35 Loom
9:07 Feudal Age
17:37 Fletching
17:41 Double-Bit Axe
23:11 Castle Age
21:57 Horse Collar
22:28 Scale Barding Armor
23:18 Bloodlines
23:28 Light Cavalry
25:25 Redemption
30:16 Forging
AxingQuestions
8:46 Loom
10:33 Feudal Age
15:34 Castle Age
14:24 Fletching
18:34 Double-Bit Axe
20:48 Horse Collar
27:32 Light Cavalry
32:29 Heavy Plow
33:17 Bodkin Arrow
33:34 Forging
Connection lost

Rejoining the realm…

Still unreachable

The connection could not be restored.

Session expired

The server has moved on; the page needs a fresh start.